AoeStats
← Rafelso

Arabia

509961609Analyzed
1v1 RM · 5d ago on Sep 28, 2026· 48m 11s· 2 players
Game mode
Random Map
Map size
Tiny (2 player)
Population
200
Speed
Normal
Resources
Standard
Victory
Conquest
Starting age
Dark Age
Ending age
Imperial Age
RankedLock teamsTeams togetherTeam positionsShared explorationLock speedFull tech treeHidden civsTurbo modeCheats
Victory
Defeat
🇦🇷 Britons · Argentina
1708
+18
🇫🇷 Britons · France
1758
-18
ESTG | Zenov
5:50 Loom
8:49 Feudal Age
9:38 Double-Bit Axe
12:39 Fletching
16:36 Padded Archer Armor
20:56 Castle Age
19:46 Gold Mining
21:39 Bodkin Arrow
21:05 Crossbowman
21:58 Bow Saw
23:00 Ballistics
26:45 Leather Archer Armor
31:23 Elite Skirmisher
34:02 Wheelbarrow
34:31 Horse Collar
39:17 Imperial Age
40:01 Bracer
41:10 Chemistry
41:23 Ring Archer Armor
42:40 Heavy Plow
42:48 Arbalester
44:01 Hand Cart
45:34 Light Cavalry
46:31 Husbandry
46:44 Scale Barding Armor
46:51 Forging
48:40 Chain Barding Armor
49:11 Gold Shaft Mining
Rafelso
6:11 Loom
8:42 Feudal Age
12:06 Double-Bit Axe
13:44 Fletching
20:10 Castle Age
20:14 Crossbowman
20:49 Bodkin Arrow
21:06 Bow Saw
20:53 Horse Collar
22:22 Ballistics
22:39 Padded Archer Armor
26:18 Town Watch
26:29 Elite Skirmisher
33:15 Wheelbarrow
34:44 Leather Archer Armor
43:35 Imperial Age
44:21 Bracer
45:41 Chemistry
45:55 Ring Archer Armor
Connection lost

Rejoining the realm…

Still unreachable

The connection could not be restored.

Session expired

The server has moved on; the page needs a fresh start.